 Dungeon Crawl Stone Soup version 0.24.0-123-gd5b16e6ec5 (webtiles) character file.

Game seed: 850766719020839942, levelgen mode: deterministic

81156 Napalmbreeze the Spry (level 15, -1/79 HPs)
             Began as a Felid Berserker on Jan 19, 2020.
             Was the Champion of Trog.
             Slain by a tyrant leech (31 damage)
             ... on level 1 of the Swamp.
             The game lasted 01:38:24 (44570 turns).

Napalmbreeze the Spry (Felid Berserker)            Turns: 44570, Time: 01:38:24

Health: -1/79      AC:  3    Str: 13    XL:     15   Next: 25%
Magic:  26/26      EV: 38    Int:  9    God:    Trog [******]
Gold:   2595       SH:  5    Dex: 24    Spells: 14/14 levels left
                                        Lives:  0   Deaths: 4

rFire    . . .     SeeInvis +     - Unarmed
rCold    + + .     Gourm    .   (shield unavailable)
rNeg     . . .     Faith    .   (armour unavailable)
rPois    .         Spirit   .   (helmet unavailable)
rElec    .         Reflect  +   (cloak unavailable)
rCorr    .         Harm     .   (gloves unavailable)
MR       ++...                  (boots unavailable)
Stlth    +++++++...             Q - +5 amulet of reflection
HPRegen  0.23/turn              O - ring of protection from cold
MPRegen  0.20/turn              P - +2 ring of dexterity

@: berserk cooldown, slowed, slow
A: very small, no armour, no weapons or thrown items, stealth, claws 1, fangs 3,
see invisible, carnivore, speed 1, shaggy fur 3, slow metabolism 1, sharp paws
a: Berserk, Trog's Hand, Brothers in Arms, Renounce Religion


You were on level 1 of the Swamp.
You worshipped Trog.
Trog was exalted by your worship.
You were near starving.

You visited 5 branches of the dungeon, and saw 27 of its levels.
You also visited: Ice Cave.

You collected 3221 gold pieces.
You spent 626 gold pieces at shops.

Inventory:

Jewellery
 c - an uncursed amulet of guardian spirit
 l - an uncursed ring of positive energy
 r - an uncursed ring of positive energy
 v - an uncursed ring of magical power
 O - a ring of protection from cold (left paw)
 P - a +2 ring of dexterity (right paw)
 Q - a +5 amulet of reflection (around neck)
Wands
 b - a wand of clouds (1)
 g - a wand of polymorph (30)
 s - a wand of flame (11)
 B - a wand of iceblast (23)
 C - a wand of scattershot (2)
 D - a wand of paralysis (7)
 L - a wand of disintegration (11)
Scrolls
 d - 18 scrolls of remove curse
 f - 4 scrolls of fear
 h - 13 scrolls of teleportation
 p - 3 scrolls of blinking
 t - a scroll of holy word {unknown}
 w - 4 scrolls of fog
 y - 2 scrolls of acquirement {unknown}
 F - 5 scrolls of immolation
 G - 2 scrolls of summoning
 M - a scroll of silence
Potions
 e - 3 potions of agility
 i - 9 potions of curing
 k - 5 potions of flight
 m - 3 potions of invisibility
 o - 5 potions of heal wounds
 q - 4 potions of might
 u - a potion of magic
 x - 2 potions of haste
 z - 4 potions of lignification
 A - 3 potions of brilliance
 J - a potion of resistance
 N - a potion of berserk rage {unknown}
Miscellaneous
 K - a box of beasts
Comestibles
 a - 44 rations


   Skills:
 + Level 16.4 Fighting
 + Level 19.9 Dodging
 + Level 14.9 Stealth
 + Level 12.6 Unarmed Combat
 - Level 14.0 Evocations


You had 14 spell levels left.
You didn't know any spells.
Your spell library was empty.

Dungeon Overview and Level Annotations

Branches:
Dungeon (15/15)            Temple (0/1) D:6            Lair (6/6) D:11
  Swamp (1/4) Lair:2       Spider (3/4) Lair:3        Slime (0/5) Lair:5
    Orc (2/2) D:11            Elf (0/3) Orc:2        Vaults (0/5) D:13
 Depths (0/5) D:15          IceCv (visited)

Altars:
Ashenzari
Cheibriados
Elyvilon
Gozag
Kikubaaqudgha
Makhleb
Okawaru
Vehumet
Beogh
Jiyva

Shops:
D:4 :*   D:6 *   D:8 !   D:9 ***?}   D:14 [   Orc:2 (}[?

Portals:
Hell: Lair:6

Annotations:
D:7 1 runed translucent door, jaiteiro's ghost, novice SpEE
Lair:1 exclusion: 2 oklob plants
Lair:4 exclusion: hydra


Innate Abilities, Weirdness & Mutations

You cannot wear armour.
You are incapable of wielding weapons or throwing items.
Your paws allow you to move quietly. (Stealth)
You have sharp claws.
You have razor-sharp teeth.
You have supernaturally acute eyesight. (SInv)
You are carnivorous and can eat meat at any time.
You cover ground quickly.
Your thick and shaggy fur keeps you warm. (AC +3, rC+)
You have a slow metabolism.
Your sharp claws are effective at attacking unaware monsters.


Message History

The tyrant leech is severely wounded.
You barely miss the tyrant leech.
The tyrant leech is severely wounded.
You miss the tyrant leech.
The tyrant leech is severely wounded.
You are no longer berserk.
You are exhausted.
You feel yourself slow down. The tyrant leech completely misses you.
You scratch the tyrant leech.
The tyrant leech is severely wounded.
The tyrant leech completely misses you.
You miss the tyrant leech.
The tyrant leech is severely wounded.
You barely miss the tyrant leech.
The tyrant leech is severely wounded.
The tyrant leech misses you.
You claw the tyrant leech!
The tyrant leech is almost dead.
The tyrant leech bites you!!
You die...

♣♣♣ ♣ ≈≈≈.♣ ♣
≈...♣≈≈≈≈§.♣♣
♣♣♣♣.≈.♣.≈..§§..♣♣♣
≈≈≈..≈..≈.♣≈≈≈≈...♣♣♣ ♣
..
....≈≈≈≈≈≈≈≈♣....♣♣.♣♣♣
.♣
♣..≈....≈≈≈≈..≈..§$≈..♣
.♣ ♣≈.≈.≈≈♣≈.♣
♣.≈≈♣≈≈≈..♣
.♣♣♣≈≈§≈≈≈≈§.♣♣♣@w≈≈.≈..♣
.......≈≈≈.......†≈≈..!♣♣
♣.≈≈.≈≈....♣♣..≈...≈.♣♣♣
♣....≈.≈≈≈≈♣♣♣♣..♣♣♣♣♣
♣.♣♣...≈≈≈≈♣ ♣♣♣♣
..♣♣≈..≈≈≈.♣♣
...≈..≈♣≈♣.[♣
≈.§≈..≈≈....♣
...≈........♣


You could see a tyrant leech.

Vanquished Creatures
  Rupert (Lair:4)
  Frances (Spider:1)
  A frost giant (IceCv)
  3 emperor scorpions
  3 entropy weavers (Spider:1)
  A dire elephant (Lair:6)
  A spark wasp (Spider:3)
  Josephine (Lair:6)
  Erolcha (D:12)
  3 hydras
  A catoblepas (D:14)
  A shambling mangrove (Swamp:1)
  3 two-headed ogres
  2 dancing weapons (D:13)
  2 centaur warriors
  7 death yaks
  5 ogre magi (Orc:2)
  2 tengu warriors
  Urug (Lair:4)
  Nergalle (Lair:2)
  Sonja (Lair:6)
  6 skeletal warriors
  2 unseen horrors (D:12)
  A swamp dragon (Swamp:1)
  A wizard (Lair:6)
  An orange crystal statue (Spider:1)
  Pikel (D:7)
  A necromancer (D:15)
  7 orb spiders
  An orc knight (Orc:1)
  25 wolf spiders
  5 orc sorcerers (Orc:2)
  4 centaur zombies (D:15)
  5 cyclopes
  12 ugly things
  4 elephants
  A salamander (shapeshifter) (D:14)
  6 black mambas
  Psyche (D:8)
  An ice statue (IceCv)
  15 spiny frogs
  A freezing wraith (D:12)
  2 kobold demonologists (D:15)
  7 rime drakes
  10 demonic crawlers
  6 komodo dragons
  32 jumping spiders
  3 tengu conjurers
  A harpy zombie (D:15)
  A jumping spider (shapeshifter) (D:13)
  A queen bee (shapeshifter) (D:15)
  4 meliai
  6 trolls
  14 polar bears
  A queen bee (D:15)
  3 hornets
  27 blink frogs
  11 slime creatures
  9 hippogriffs
  A meliai zombie (D:13)
  33 redbacks
  2 shadows
  A centaur simulacrum (D:15)
  2 water elementals (D:13)
  12 tarantellas
  3 wraiths
  A spriggan (Swamp:1)
  6 wyverns
  68 yaks
  3 basilisks
  Eustachio (D:5)
  2 hungry ghosts
  3 swamp worms (Swamp:1)
  Menkaure (D:4)
  12 vampire mosquitoes
  28 water moccasins
  Duvessa (D:7)
  A hell hound (Lair:6)
  2 swamp drakes (Swamp:1)
  18 orc warriors
  8 porcupines
  5 sky beasts
  5 ice beasts
  A meliai simulacrum (D:15)
  2 eyes of draining
  A phantom (D:7)
  An eye of draining (shapeshifter) (D:15)
  A boggart (D:12)
  19 wolves (IceCv)
  15 ogres
  11 centaurs
  10 crocodiles
  A crocodile (shapeshifter) (D:14)
  5 big kobolds
  23 bullfrogs
  2 wyvern zombies
  A wyvern skeleton (D:9)
  4 scorpions
  Dowan (D:7)
  16 killer bees
  6 wights
  6 howler monkeys
  4 electric eels
  10 crimson imps
  2 bullfrog zombies
  9 hounds
  12 orc priests
  3 jellies
  Crazy Yiuf (D:7)
  2 bullfrog skeletons
  4 centaur skeletons
  2 iguanas
  Terence (D:2)
  29 orc wizards
  9 worker ants
  4 hell rats
  A howler monkey skeleton (D:6)
  27 adders
  10 gnolls
  4 shadow imps
  An adder zombie (D:9)
  A worm (D:5)
  A dart slug (D:5)
  5 leopard geckos
  101 orcs
  A ball python (D:2)
  5 bats
  6 giant cockroaches
  3 goblins
  10 hobgoblins
  7 jackals
  2 quokkas
  6 frilled lizards
  2 jackal skeletons (D:4)
  26 kobolds
  A quokka skeleton (D:4)
  4 rats
  2 fungi (Lair:6)
944 creatures vanquished.

Vanquished Creatures (collateral kills)
  Kirke (Lair:6)
  Roxanne (Spider:2)
  An emperor scorpion (Spider:1)
  2 hydras (Lair:6)
  A rakshasa (D:12)
  An ogre mage (Orc:2)
  A centaur warrior (D:15)
  A sun demon (Lair:6)
  A wizard (D:15)
  2 deep elf magi
  A moth of wrath (Spider:1)
  8 wolf spiders
  A manticore (D:13)
  2 orc sorcerers (D:15)
  7 ugly things
  5 elephants (Lair:6)
  2 orange demons (Lair:6)
  A black mamba (Lair:6)
  A gargoyle (D:12)
  A komodo dragon (Lair:6)
  A kobold demonologist (D:13)
  3 ice devils (Lair:6)
  A hellwing (Lair:6)
  A meliai (D:12)
  A jumping spider (Spider:1)
  3 slime creatures (D:13)
  2 hippogriffs
  A tarantella (Spider:1)
  4 redbacks (Spider:1)
  6 yaks (D:14)
  4 wraiths
  A hungry ghost (D:12)
  A hog (Lair:6)
  A vampire mosquito (D:13)
  4 hell hounds (Lair:6)
  An orc warrior (D:12)
  3 water moccasins (Lair:4)
  6 centaurs
  A crocodile (D:15)
  6 wolves (Lair:6)
  A bullfrog (D:13)
  3 wights (D:14)
  A crimson imp (D:12)
  An electric eel (D:13)
  3 orc wizards
  A hell rat (Lair:6)
  2 worker ants
  3 adders (Lair:4)
  A shadow imp (D:15)
  2 orcs
110 creatures vanquished.

Vanquished Creatures (others)
  A polar bear (IceCv)
  5 humans (Lair:6)
  A hound skeleton (D:7)
  2 orcs (D:7)
  36 fungi
  15 plants
60 creatures vanquished.

Grand Total: 1114 creatures vanquished

Notes
Turn   | Place    | Note
-------+----------+-------------------------------------------
     0 | D:1      | Napalmbreeze the Felid Berserker began the quest for the
                  | Orb.
     0 | D:1      | Reached XP level 1. HP: 10/10 MP: 2/2
   108 | D:1      | Found an iron altar of Okawaru.
   204 | D:1      | Reached skill level 1 in Stealth
   205 | D:1      | Reached XP level 2. HP: 14/14 MP: 3/3
  1093 | D:2      | Noticed Terence
  1107 | D:2      | Killed Terence
  1107 | D:2      | Reached XP level 3. HP: 7/17 MP: 4/4
  1828 | D:2      | Found a faded altar of an unknown god.
  2129 | D:2      | Reached ** piety under Trog
  2129 | D:2      | Reached XP level 4. HP: 5/21 MP: 5/5
  2463 | D:3      | Reached skill level 5 in Dodging
  2957 | D:3      | Reached XP level 5. HP: 25/25 MP: 6/6
  3581 | D:4      | Found an opulent altar of Gozag.
  3581 | D:4      | Found Gozag's Platinum Reserve.
  3581 | D:4      | Noticed an ogre
  3613 | D:4      | Noticed an ogre
  3725 | D:4      | Noticed Menkaure
  3736 | D:4      | Killed Menkaure
  3736 | D:4      | Gained mutation: You are covered in thick fur. (AC +2)
                  | [Felid growth]
  3736 | D:4      | Reached XP level 6. HP: 28/29 MP: 7/7
  3892 | D:4      | Reached skill level 6 in Dodging
  3980 | D:4      | Found Apop's Book Emporium.
  4199 | D:4      | Reached skill level 5 in Stealth
  4201 | D:4      | Reached XP level 7. HP: 33/33 MP: 8/8
  4262 | D:4      | Reached skill level 5 in Fighting
  4262 | D:4      | Reached skill level 5 in Unarmed Combat
  4450 | D:5      | Entered Level 5 of the Dungeon
  4607 | D:5      | Noticed Eustachio
  5072 | D:5      | Killed Eustachio
  5282 | D:5      | Reached XP level 8. HP: 38/38 MP: 9/9
  5495 | D:5      | Reached *** piety under Trog
  6021 | D:6      | Found a staircase to the Ecumenical Temple.
  6105 | D:6      | Found Sokkis's Lightly-Used Armoury.
  6275 | D:7      | Reached skill level 1 in Evocations
  6279 | D:7      | Found a runed translucent door.
  6282 | D:7      | Noticed jaiteiro's ghost (novice SpEE)
  6417 | D:7      | Noticed a hippogriff
  6491 | D:7      | Killed a hippogriff
  6742 | D:7      | Noticed Pikel
  6752 | D:7      | Killed Pikel
  6752 | D:7      | Reached XP level 9. HP: 44/44 MP: 13/13
  7453 | D:7      | Noticed Duvessa
  7453 | D:7      | Noticed Dowan
  7462 | D:7      | Killed Dowan
  7474 | D:7      | Killed Duvessa
  7611 | D:7      | Found a runed translucent door.
  7612 | D:7      | Noticed Crazy Yiuf
  7878 | D:7      | Killed Crazy Yiuf
  8103 | D:8      | Reached skill level 5 in Evocations
  8151 | D:8      | Reached **** piety under Trog
  8384 | D:8      | Noticed a two-headed ogre
  8394 | D:8      | Killed a two-headed ogre
  8497 | D:8      | Found Walupug's Distillery.
  8503 | D:8      | Bought a potion of might for 56 gold pieces
  8503 | D:8      | Bought a potion of mutation for 112 gold pieces
  8503 | D:8      | Bought a potion of curing for 42 gold pieces
  8503 | D:8      | Bought a potion of haste for 140 gold pieces
  8685 | D:8      | Noticed Psyche
  8700 | D:8      | Killed Psyche
  8875 | D:8      | Reached XP level 10. HP: 46/49 MP: 14/14
  8985 | D:9      | Found Nawumok's General Store.
  9015 | D:9      | Bought a scroll of fear for 52 gold pieces
  9037 | D:9      | Found Niodeton's Assorted Antiques.
  9096 | D:9      | Found Wiruuta's Assorted Antiques.
  9463 | D:9      | Reached skill level 10 in Fighting
  9467 | D:9      | Reached skill level 10 in Unarmed Combat
  9570 | D:9      | Found Ulirir's Magic Scroll Boutique.
  9579 | D:9      | Found Hoack's Gadget Shoppe.
  9594 | D:9      | Bought a wand of iceblast (12) for 224 gold pieces
  9885 | D:9      | Reached skill level 7 in Dodging
 10138 | D:10     | Entered Level 10 of the Dungeon
 10583 | D:9      | Reached skill level 8 in Dodging
 10595 | D:10     | Noticed a green ugly thing
 10709 | D:10     | Reached ***** piety under Trog
 10717 | D:10     | Reached XP level 11. HP: 54/54 MP: 16/16
 11062 | D:10     | Killed a green ugly thing
 11285 | D:10     | Demolished by an orc warrior
 11286 | D:10     | Reached XP level 10. HP: -18/51 MP: 0/24
 11356 | D:10     | Found a roughly hewn altar of Beogh.
 11727 | D:11     | Noticed a two-headed ogre
 12003 | D:11     | Reached skill level 9 in Dodging
 12216 | D:11     | Identified the Compendium of Twisted Transmigration
 12302 | D:11     | Found a staircase to the Lair.
 12580 | D:11     | Reached skill level 10 in Stealth
 12842 | D:11     | Found a staircase to the Orcish Mines.
 12975 | D:11     | Killed a two-headed ogre
 12975 | D:11     | Reached skill level 10 in Dodging
 12975 | D:11     | Reached XP level 11. HP: 54/54 MP: 16/16
 13259 | Lair:1   | Entered Level 1 of the Lair of Beasts
 13836 | Lair:1   | Slain by a blink frog
 13837 | Lair:1   | Reached XP level 10. HP: -4/51 MP: 0/25
 13897 | Lair:1   | Reached ****** piety under Trog
 14036 | Lair:1   | Noticed a spiny frog
 14048 | Lair:1   | Killed a spiny frog
 14219 | Lair:1   | Noticed an oklob plant
 14407 | Lair:1   | Noticed an oklob plant
 14438 | Lair:2   | Reached XP level 11. HP: 55/55 MP: 18/18
 14659 | Lair:2   | Found a staircase to the Swamp.
 14946 | Lair:2   | Noticed Nergalle
 14959 | Lair:2   | Killed Nergalle
 16106 | Lair:3   | Found a hole to the Spider Nest.
 16591 | Lair:4   | Noticed Rupert
 16600 | Lair:4   | Killed Rupert
 16600 | Lair:4   | Reached skill level 10 in Evocations
 17142 | Lair:4   | Gained mutation: Your thick and shaggy fur keeps you warm.
                  | (AC +3, rC+) [Felid growth]
 17142 | Lair:4   | Reached XP level 12. HP: 61/61 MP: 20/20
 17526 | Lair:4   | Noticed Urug
 17533 | Lair:4   | Killed Urug
 17813 | Lair:4   | Noticed a seven-headed hydra
 17825 | Lair:4   | Found a shattered altar of Ashenzari.
 18401 | Lair:5   | Noticed a death yak
 18401 | Lair:5   | Noticed a death yak
 18402 | Lair:5   | Noticed a death yak
 18482 | Lair:5   | Noticed a death yak
 18483 | Lair:5   | Noticed a death yak
 18511 | Lair:4   | Killed a death yak
 18921 | Lair:5   | Reached skill level 11 in Dodging
 19101 | Lair:5   | Found a viscous altar of Jiyva.
 19101 | Lair:5   | Found a staircase to the Slime Pits.
 19331 | Lair:5   | Found a viscous altar of Jiyva.
 19332 | Lair:5   | Found a staircase to the Slime Pits.
 19555 | Lair:5   | Killed a death yak
 19561 | Lair:5   | Killed a death yak
 19708 | Lair:4   | Killed a death yak
 19712 | Lair:4   | Killed a death yak
 20009 | Lair:6   | Entered Level 6 of the Lair of Beasts
 20009 | Lair:6   | Noticed a four-headed hydra
 20031 | Lair:6   | Reached XP level 13. HP: 68/68 MP: 21/21
 20245 | Lair:6   | Noticed Kirke
 20255 | Lair:6   | Reached skill level 12 in Dodging
 20262 | Lair:6   | Killed Kirke
 20418 | Lair:6   | Noticed Sonja
 20437 | Lair:6   | Killed Sonja
 20718 | Lair:5   | Reached skill level 13 in Dodging
 21105 | Lair:6   | Noticed Josephine
 21366 | Lair:5   | Reached skill level 15 in Fighting
 21425 | Lair:6   | Killed Josephine
 22057 | Lair:6   | Reached skill level 14 in Dodging
 22501 | Lair:6   | Noticed a dire elephant
 22532 | Lair:6   | Killed a dire elephant
 22625 | Lair:6   | Found a burning altar of Makhleb.
 22659 | Lair:6   | Found a gateway to Hell.
 23527 | D:12     | Found a frozen archway.
 23527 | D:12     | Noticed Erolcha
 23545 | D:12     | Reached XP level 14. HP: 48/73 MP: 22/22
 23552 | D:12     | Killed Erolcha
 23562 | IceCv    | Entered an ice cave
 25074 | IceCv    | Noticed a frost giant
 25376 | IceCv    | Reached skill level 15 in Dodging
 25396 | IceCv    | Killed a frost giant
 25425 | IceCv    | Found the +7 captain's cutlass {speed, disarm}
 27323 | D:13     | Found a snail-covered altar of Cheibriados.
 27620 | D:13     | HP: 2/74 [skeletal warrior/+0 trident[a skeletal warrior]
                  | (19)]
 27988 | D:13     | Found a gate to the Vaults.
 28640 | D:14     | Found Weffise's Antique Armour Boutique.
 28805 | D:14     | Reached XP level 15. HP: 64/78 MP: 25/25
 28911 | D:14     | You fall into a shaft and drop 1 floor!
 28911 | D:15     | Entered Level 15 of the Dungeon
 29458 | D:14     | Reached skill level 16 in Dodging
 29475 | D:14     | HP: 3/78 [green ugly thing (14)]
 29851 | D:15     | Found a radiant altar of Vehumet.
 30811 | D:15     | Found a white marble altar of Elyvilon.
 30927 | D:15     | Found a staircase to the Depths.
 31294 | Orc:1    | Entered Level 1 of the Orcish Mines
 31603 | Orc:2    | Entered Level 2 of the Orcish Mines
 31682 | Orc:2    | Found a staircase to the Elven Halls.
 32458 | Orc:2    | Found a radiant altar of Vehumet.
 32461 | Orc:2    | Found Fenly's Gadget Emporium.
 32513 | Orc:2    | Reached skill level 17 in Dodging
 32779 | Orc:2    | Found Kocox's Antique Weapon Emporium.
 32955 | Orc:2    | Found an ancient bone altar of Kikubaaqudgha.
 33301 | Orc:2    | Found a roughly hewn altar of Beogh.
 33372 | Orc:2    | Found Ilanegia's Antique Armour Emporium.
 33383 | Orc:2    | Found Muask's Magic Scroll Shoppe.
 33631 | Spider:1 | Entered Level 1 of the Spider Nest
 34792 | Spider:1 | Slain by a wolf spider
 34793 | Spider:1 | Reached XP level 14. HP: 0/75 MP: 25/25
 34816 | Spider:1 | Reached skill level 18 in Dodging
 35107 | Spider:1 | Noticed Frances
 35118 | Spider:1 | Killed Frances
 35118 | Spider:1 | Reached XP level 15. HP: 78/78 MP: 26/26
 35283 | Spider:1 | HP: 1/117 [jumping spider (17)]
 35283 | Spider:1 | Mangled by a jumping spider
 35284 | Spider:1 | Reached XP level 14. HP: -11/112 MP: 25/25
 36885 | Spider:1 | Reached skill level 19 in Dodging
 36925 | Spider:1 | Noticed an entropy weaver
 36939 | Spider:1 | HP: 4/112 [entropy weaver (5)]
 36940 | Spider:1 | Killed an entropy weaver
 37715 | Spider:1 | Noticed an entropy weaver
 38213 | Spider:1 | Killed an entropy weaver
 39049 | Spider:2 | Noticed Roxanne
 39382 | Spider:2 | Noticed an emperor scorpion
 39834 | Spider:2 | Killed an emperor scorpion
 40605 | Spider:2 | Killed Roxanne
 42255 | Spider:3 | Reached XP level 15. HP: 68/78 MP: 26/26
 43995 | Swamp:1  | Entered Level 1 of the Swamp
 44570 | Swamp:1  | Slain by a tyrant leech

Levels and vault maps discovered:
D:1:      minmay_arrival_shattered_statue, layout_basic,
          okawaru_ov_weapons_minmay
D:2:      layout_basic, chequers_ecumenical_altar_grove, uniq_terence
D:3:      layout_basic
D:4:      layout_rooms, nicolae_gozag_zags_fifth_avenue, serial_shops,
          shop_statue, first_ration, uniq_menkaure
D:5:      layout_basic, minmay_circle_x, uniq_eustachio
D:6:      layout_basic, temple_doors_e, minmay_shop_damaged
D:7:      layout_loops_ring, ebering_ghost_reflecting_pool,
          uniq_crazy_yiuf_cottage, uniq_pikel, uniq_duvessa
D:8:      layout_basic, serial_shops, shop, uniq_psyche
D:9:      layout_basic, serial_shops, nicolae_shop_trees, shop, shop, shop,
          shop_statue
D:10:     layout_rooms, special_room [special_room_orc], grunt_tengu_nest
D:11:     layout_cave_pools, due_lair_maze_entry_diamond, david_orc_2
D:12:     minmay_the_grid_square_5x5_4x4_mashed [minmay_the_grid_square_5x5_c,
          minmay_the_grid_square_5x5_lines,
          minmay_the_grid_square_5x5_checkered_sparse,
          minmay_the_grid_square_5x5_beaten_path,
          minmay_the_grid_square_5x5_inner_z,
          minmay_the_grid_square_5x5_prize_waves,
          minmay_the_grid_square_5x5_prize_deathbox,
          minmay_the_grid_square_5x5_hourglass,
          minmay_the_grid_square_5x5_three_walls,
          minmay_the_grid_square_5x5_prize_pseudospiral,
          minmay_the_grid_square_5x5_prize_snowflake,
          minmay_the_grid_square_5x5_n_small,
          minmay_the_grid_square_5x5_shrine2,
          minmay_the_grid_square_5x5_three_small, minmay_the_grid_square_5x5_v,
          minmay_the_grid_square_5x5_trominoes], layout_loops_cross,
          portal_ice_cave_entry_pillars_1, uniq_erolcha
D:13:     layout_basic, erik_vaults_1, serial_bayou, serial_bayou_pond_d,
          serial_bayou_crossing, serial_bayou_shore_a, serial_bayou_pond_e,
          kennysheep_small_circle
D:14:     layout_small_grid, corexii_leaking_fountain, serial_shops,
          nicolae_shop_behind_doors, nrook_mini_backslash,
          minmay_misc_feat_secret_circle, onia_ninara_dug_in_and_dangerous
D:15:     grunt_enter_depths_magical_seal, layout_cave_pools, basic_altar,
          special_room [special_room_bee], elyvilon_altar_1
Lair:1:   layout_gridlike, infiniplex_staircase_pool_2,
          minmay_lair_oklob_chamber
Lair:2:   layout_misc_corridors, swamp_mist, gauntlet_entry_generic,
          lemuel_fruit_fields, uniq_nergalle
Lair:3:   layout_layer_cave, spider_nest_entry_web_field, grunt_megastairs_5
Lair:4:   lemuel_reptile_caves, layout_gridlike, basic_altar,
          minmay_lair_drake_nest, uniq_urug, uniq_rupert
Lair:5:   layout_misc_corridors, slime_altar_1, nicolae_quartered_pool_super,
          chequers_serial_rivers_micro_e
Lair:6:   evil_forest, layout_layer_cave, small_statue_intersection, uniq_kirke,
          uniq_sonja, uniq_josephine
Swamp:1:  layout_falls_marsh, hangedman_swamp_blocks, infiniplex_staircase_pool
Spider:1: spider_temple_joshua, uniq_frances
Spider:2: layout_chambers, uniq_roxanne
Spider:3: layout_chambers, drop_trap
Orc:1:    layout_caves
Orc:2:    kennysheep_orc_mage_school, layout_diamond_mine

Skill      XL: |  1  2  3  4  5  6  7  8  9 10 11 12 13 14 15 |
---------------+----------------------------------------------+-----
Stealth        | 1 2 3 4 5 10 9 13 14 | 14.9
Dodging        | 5 6 10 11 14 19 17 | 19.9
Fighting       | 4 6 8 9 11 12 14 15 16 | 16.4
Unarmed Combat | 4 6 8 9 11 12 | 12.6
Evocations     | 4 5 8 10 12 14 | 14.0

Action                   |  1- 3 |  4- 6 |  7- 9 | 10-12 | 13-15 || total
-------------------------+-------+-------+-------+-------+-------++-------
Melee: Unarmed           |    81 |    94 |   311 |   907 |  1966 ||  3359
       Bite              |     7 |    11 |    39 |   142 |   324 ||   523
       Punch             |     2 |     2 |    11 |    58 |   183 ||   256
Invok: Berserk           |     2 |     9 |    16 |    36 |    69 ||   132
       Trog's Hand       |       |     2 |     1 |     3 |    11 ||    17
       Brothers in Arms  |       |       |     1 |     3 |    19 ||    23
Evoke: Wand              |       |       |       |     4 |    33 ||    37
  Use: Scroll            |       |       |     6 |     7 |    16 ||    29
       Potion            |       |       |       |     4 |    12 ||    16
 Stab: Sleeping          |     3 |     1 |    13 |    21 |    54 ||    92
       Distracted        |       |       |       |     6 |    11 ||    17
       Paralysed         |       |       |       |     1 |     1 ||     2
  Eat: Chunk             |    11 |    12 |    26 |    68 |    93 ||   210
       Ration            |       |       |       |       |    10 ||    10
Armor: Skin              |     1 |       |    18 |    16 |    52 ||    87
Dodge: Dodged            |    65 |    80 |   321 |   797 |  2364 ||  3627
Block: Other             |       |       |       |       |   250 ||   250
       Reflection        |       |       |       |       |     2 ||     2
